 Dungeon Crawl Stone Soup version 0.31.0-7-gf635a9b802 (webtiles) character file.

Game seed: 11788992956620742889

1528 Arcadio the Geomancer (level 8, 0/41 HPs)
             Began as a Gargoyle Earth Elementalist on Jan 23, 2024.
             Was a Follower of Vehumet.
             Slain by an ogre
             ... wielding a +0 giant spiked club
              (15 damage)
             ... on level 6 of the Dungeon.
             The game lasted 00:10:41 (5236 turns).

Arcadio the Geomancer (Gargoyle Earth Elementalist) Turns: 5236, Time: 00:10:42

Health: 0/41       AC:  8    Str: 12    XL:     8   Next: 85%
Magic:  16/16      EV: 13    Int: 18    God:    Vehumet [*.....]
Gold:   43         SH:  0    Dex: 10    Spells: 6/18 levels left

rFire   . . .        C - +3 long sword
rCold   . . .        (no shield)
rNeg    + . .        a - +0 robe
rPois   ∞            (no helmet)
rElec   +            (no cloak)
rCorr   .            (no gloves)
SInv    .            n - +0 pair of boots
Will    .....        (no amulet)
Stlth   ++           (no ring)
HPRegen 0.26/turn    (no ring)
MPRegen 0.15/turn

%: no passive effects
@: marked
A: sickness immunity, AC +5, negative energy resistance 1, electricity
resistance, torment resistance 1, petrification resistance
a: Renounce Religion


You were on level 6 of the Dungeon.
You worshipped Vehumet.
Vehumet was aware of your devotion.
You visited 2 branches of the dungeon, and saw 8 of its levels.

You collected 217 gold pieces.
You spent 174 gold pieces at shops.

Inventory:

Hand Weapons
 c - a +0 dagger
 q - a +0 war axe
 r - a +1 dagger of electrocution
 z - a +0 dagger of holy wrath
 A - a +0 morningstar
 C - a +3 long sword (weapon)
Armour
 a - a +0 robe (worn)
 n - a +0 pair of boots (worn)
 w - a +0 buckler
 y - a +0 scale mail
Jewellery
 s - a ring of ice
 B - a +4 ring of slaying
Wands
 x - a wand of light (12)
Scrolls
 d - 2 scrolls of enchant armour
 g - a scroll of enchant weapon {unknown}
 h - 3 scrolls of teleportation
 l - a scroll of brand weapon {unknown}
 m - 2 scrolls of fear {unknown}
 p - a scroll of amnesia {unknown}
 t - a scroll of fog {unknown}
 u - a scroll of noise {unknown}
 v - 2 scrolls of blinking
Potions
 b - 2 potions of magic
 e - a potion of heal wounds
 f - 4 potions of enlightenment
 i - 3 potions of curing
 j - 2 potions of brilliance
 k - a potion of attraction {unknown}
 o - 2 potions of degeneration {unknown}


   Skills:
 + Level 5.4 Dodging
 - Level 2.1 Stealth
 + Level 5.9 Spellcasting
 - Level 1.1 Conjurations
 + Level 8.2 Earth Magic


You had 6 spell levels left.
You knew the following spells:

 Your Spells              Type           Power      Damage    Failure   Level
a - Sandblast             Erth           70%        2d15      1%          1
b - Stone Arrow           Conj/Erth      44%        3d9       5%          3
c - Brom's Barrelling Bo  Conj/Erth      22%        2d4       17%         4
d - Petrify               Alch/Erth      20%        N/A       22%         4

Your spell library contained the following spells:

 Spells                   Type           Power      Damage    Failure   Level
 Shock                    Conj/Air       28%        1d4       10%         1
 Passwall                 Erth           35%        N/A       1%          3
 Magic Dart               Conj           36%        1d4       8%          1
 Summon Small Mammal      Summ           20%        N/A       12%         1
 Searing Ray              Conj           18%        2d5       12%         2
 Call Canine Familiar     Summ           5%         N/A       36%         3
 Fulminant Prism          Conj/Alch      3%         3d5       67%         4
 Summon Blazeheart Golem  Fire/Summ      5%         N/A       77%         4


Dungeon Overview and Level Annotations

Branches:
Dungeon (7/15)             Temple (1/1) D:7

Altars:
Ashenzari
Cheibriados
Dithmenos
Elyvilon
Fedhas
Hepliaklqana
Kikubaaqudgha
Makhleb
Nemelex Xobeh
Okawaru
Qazlal
Ru
Sif Muna
Trog
Uskayaw
Vehumet
Wu Jian
Xom
Yredelemnul
The Shining One

Shops:
D:2 ?   D:6 (


Innate Abilities, Weirdness & Mutations

You are immune to sickness and miasma.
Your stone body is resilient. (AC +5)
You are immune to poison.
You resist negative energy. (rN+)
You are resistant to electric shocks. (rElec)
You are resistant to unholy torment.
You are immune to petrification.


Message History

Casting: Stone Arrow (dangerous; 5% risk of failure)
Confirm with . or Enter, or press ? or * to list all spells.
Aiming: Stone Arrow (dangerous; 5% risk of failure)
Press: ? - help, Shift-Dir - straight line, f/p - shadow imp
Aim: a shadow imp (68% to hit)
The stone arrow hits the shadow imp!!
You kill the shadow imp!
Vehumet accepts your kill.
Magic restored.
v - 2 scrolls of blinking (gained 1)
You see here the +0 chain mail of Modesty {rC- Str-3 Int+5 Dex+2}.
f - 4 potions of enlightenment (gained 1)
You see here 4 stones.
A malevolent force fills the Dungeon...
With a horrendous wail, an alarm goes off!
A sentinel's mark forms upon you.
You hear a loud, deep croak!
There is a stone staircase leading up here.
You climb upwards.
You hear the sound of rushing water.
There is an entrance to a sewer on this level.
Hurry and find it before the portal rusts away!
There is a stone staircase leading down here.
You climb downwards.
There is a stone staircase leading up here.
You climb upwards.
You hear the sound of rushing water.
There is an entrance to a sewer on this level.
Hurry and find it before the portal rusts away!
There is a stone staircase leading down here.
There is a stone staircase leading down here.
An ogre comes into view. It is wielding a +0 giant spiked club.
Found Suzoof's Antique Weapon Shoppe.
The helpless ogre fails to defend itself.
You hit the ogre.
The ogre is moderately wounded.
The ogre hits you with a +0 giant spiked club!!
Ouch! That really hurt!
You slash the ogre!
The ogre is heavily wounded.
The ogre hits you with a +0 giant spiked club!
You die...

## ..
###########.#
#...>.......#..#
#.....######@....#
###### #O.≈≈≈..#
#.≈≈§≈§.#
#.≈≈§§≈§#
#.≈≈≈§≈.#
#..≈≈§.§#
#§..∩.§≈#
#########


You could see an ogre.

Vanquished Creatures
  Duvessa (D:5)
  A water moccasin (D:7)
  A black bear (D:5)
  A phantom (D:3)
  A kobold brigand (Temple)
  2 scorpions
  3 wights
  Dowan (D:5)
  4 howler monkeys
  A bombardier beetle (D:5)
  5 hounds
  An orc priest (D:5)
  3 iguanas
  Ijyb (D:5)
  5 orc wizards
  7 adders
  A shadow imp (D:7)
  2 white imps (D:5)
  4 dart slugs
  2 ribbon worms (D:3)
  12 orcs
  3 ball pythons
  2 bats
  3 endoplasms
  2 giant cockroaches
  6 goblins
  4 hobgoblins
  3 quokkas
  A frilled lizard (D:2)
  7 kobolds
  23 rats
113 creatures vanquished.

Notes
Turn   | Place    | Note
-------+----------+-------------------------------------------
     0 | D:1      | Arcadio the Gargoyle Earth Elementalist began the quest for
                  | the Orb.
     0 | D:1      | Reached XP level 1. HP: 10/10 MP: 3/3
    67 | D:1      | Reached XP level 2. HP: 3/15 MP: 3/5
   314 | D:1      | Reached skill level 4 in Earth Magic
   560 | D:1      | Reached XP level 3. HP: 17/19 MP: 3/6
   898 | D:2      | Found Xuag's Magic Scroll Emporium.
   912 | D:2      | Bought a scroll of identify for 24 gold pieces
   912 | D:2      | Bought a scroll of identify for 24 gold pieces
   926 | D:2      | Reached XP level 4. HP: 24/24 MP: 5/8
   974 | D:2      | Identified the +0 kite shield "Seifich" {Will- Dex+4}
  1484 | D:3      | Learned a level 3 spell: Stone Arrow
  1489 | D:3      | Learned a level 4 spell: Brom's Barrelling Boulder
  1833 | D:3      | Noticed a phantom
  1853 | D:3      | Killed a phantom
  1854 | D:3      | Reached skill level 5 in Earth Magic
  1854 | D:3      | Reached XP level 5. HP: 11/28 MP: 8/10
  2041 | D:4      | Reached XP level 6. HP: 21/32 MP: 11/11
  2415 | D:4      | Found a radiant altar of Vehumet.
  2425 | D:4      | Became a worshipper of Vehumet
  2454 | D:4      | Found an ancient bone altar of Kikubaaqudgha.
  2606 | D:4      | Found a shimmering blue altar of Sif Muna.
  3109 | D:2      | Bought a scroll of teleportation for 36 gold pieces
  3109 | D:2      | Bought a scroll of blinking for 90 gold pieces
  3163 | D:5      | Entered Level 5 of the Dungeon
  3172 | D:5      | Noticed Ijyb
  3187 | D:5      | Killed Ijyb
  3188 | D:5      | Reached skill level 6 in Earth Magic
  3188 | D:5      | Reached XP level 7. HP: 10/36 MP: 6/13
  3304 | D:5      | HP: 1/36 [burnt (5)]
  3936 | D:5      | Found an iron altar of Okawaru.
  3937 | D:5      | Found a shadowy altar of Dithmenos.
  3937 | D:5      | Found a basalt altar of Yredelemnul.
  3937 | D:5      | Found a shimmering altar of Xom.
  3941 | D:5      | Found a burning altar of Makhleb.
  4103 | D:5      | Noticed Dowan
  4106 | D:5      | Noticed Duvessa
  4110 | D:5      | Learned a level 4 spell: Petrify
  4113 | D:5      | Killed Duvessa
  4114 | D:5      | Reached skill level 5 in Spellcasting
  4114 | D:5      | Reached skill level 7 in Earth Magic
  4114 | D:5      | Reached XP level 8. HP: 35/41 MP: 2/15
  4116 | D:5      | Killed Dowan
  4417 | D:5      | You fall into a shaft and drop 2 floors!
  4511 | D:7      | Found a staircase to the Ecumenical Temple.
  4523 | Temple   | Entered the Ecumenical Temple
  4531 | D:7      | Reached skill level 5 in Dodging
  4737 | Temple   | Reached * piety under Vehumet
  4737 | Temple   | Offered knowledge of Shock by Vehumet.
  4738 | Temple   | Reached skill level 8 in Earth Magic
  5109 | D:7      | Identified the +0 chain mail of Modesty {rC- Str-3 Int+5
                  | Dex+2}
  5234 | D:6      | Found Suzoof's Antique Weapon Shoppe.
  5236 | D:6      | Slain by an ogre

Illustrated notes

Levels and vault maps discovered:
D:1:      hellmonk_arrival_library, layout_basic, minmay_pentomino_q2
D:2:      layout_rooms, serial_shops, nicolae_shop_tiny_glass, minmay_rat_hole
D:3:      layout_basic
D:4:      layout_loops_ring, palyth_temple_overflow_mages
D:5:      layout_basic, minitemple, uniq_ijyb, uniq_duvessa
D:6:      layout_rooms, serial_shops, nicolae_lakefront_shop,
          gup_sewer_entry_glass, chequers_serial_rivers_large_a
D:7:      layout_loops_cross, minmay_temple_entry_sparse_star
Temple:   chequers_temple_sunken

Skill      XL: |  1  2  3  4  5  6  7  8 |
---------------+-------------------------+-----
Earth Magic    | 4 5 6 7 8 |  8.2
Dodging        | 2 3 4 5 |  5.4
Spellcasting   | 3 4 5 |  5.9
Stealth        | |  2.1
Conjurations   | |  1.1

Action                     |  1- 3 |  4- 6 |  7- 9 || total
---------------------------+-------+-------+-------++-------
  Melee: Dagger            |    61 |    87 |       ||   148
         Unarmed           |     2 |       |       ||     2
         Punch             |     1 |       |     2 ||     3
         War axe           |       |   110 |    90 ||   200
         Long sword        |       |       |    34 ||    34
   Cast: Sandblast         |    20 |    26 |    27 ||    73
         Stone Arrow       |       |       |    33 ||    33
    Use: Scroll            |     4 |     1 |       ||     5
         Potion            |       |       |     1 ||     1
   Stab: Sleeping          |     2 |     3 |     1 ||     6
 Armour: Robe              |    39 |   164 |   142 ||   345
  Dodge: Dodged            |    44 |   120 |   103 ||   267
